AoeStats
← PALITOMAN

Pilgrims

509233159Analyzed
4v4 RM · 7d ago on Sep 26, 2026· 37m 39s· 8 players
Game mode
Random Map
Map size
Large (8 player)
Population
200
Speed
Normal
Resources
Standard
Victory
Conquest
Starting age
Dark Age
Ending age
Imperial Age
RankedLock teamsTeams togetherTeam positionsShared explorationLock speedFull tech treeHidden civsTurbo modeCheats
Victory
Defeat
🇦🇷 Vietnamese · Argentina
1155
+14
🇨🇱 Varangians · Chile
1143
+14
🇪🇸 Byzantines · Spain
1127
+15
🇺🇿 Turks · Uzbekistan
1113
+15
🇦🇷 Mongols · Argentina
1129
-15
🇲🇽 Khmer · Mexico
1119
-15
🇺🇸 Teutons · United States
1085
-14
🇺🇸 Varangians · United States
1083
-14
Sonaron Disparos
6:02 Loom
10:44 Feudal Age
11:14 Double-Bit Axe
12:26 Bloodlines
13:20 Forging
19:59 Scale Barding Armor
goree.jacob
9:41 Loom
12:44 Feudal Age
16:56 Castle Age
15:44 Double-Bit Axe
16:07 Gold Mining
16:42 Stone Mining
16:48 Fletching
16:58 Padded Archer Armor
16:48 Fishing Lines
19:06 Bow Saw
19:59 Gillnets
23:25 Wheelbarrow
24:11 Ballistics
29:03 Imperial Age
29:37 Stone Shaft Mining
29:53 Elite Longship
31:02 Bodkin Arrow
31:22 Leather Archer Armor
31:55 Bracer
34:38 Forging
34:34 Scale Barding Armor
erik_k900
5:32 Loom
14:17 Feudal Age
21:55 Castle Age
20:39 Horse Collar
21:17 Man-at-Arms
21:43 Arson
22:26 Long Swordsman
25:30 Elite Skirmisher
37:31 Wheelbarrow
viber
12:36 Loom
15:17 Feudal Age
15:29 Man-at-Arms
17:00 Double-Bit Axe
16:55 Horse Collar
17:32 Arson
24:11 Castle Age
22:09 Fishing Lines
22:54 Stone Mining
23:28 Fletching
23:46 Gold Mining
24:46 Padded Archer Armor
25:59 Bodkin Arrow
28:34 Leather Archer Armor
PALITOMAN
3:46 Loom
11:10 Feudal Age
13:18 Double-Bit Axe
21:18 Castle Age
19:51 Fletching
22:53 Medium Warships
26:13 Imperial Age
28:06 Chemistry
28:43 Ballistics
29:38 Clinker Construction
31:07 Bodkin Arrow
31:35 Carvel Hull
37:43 Forging
38:15 Scale Barding Armor
KUBEPTYPMA
11:29 Feudal Age
11:46 Loom
16:10 Castle Age
14:23 Double-Bit Axe
17:28 Town Watch
Delhi
4:24 Loom
12:51 Feudal Age
13:13 Horse Collar
13:46 Double-Bit Axe
21:04 Castle Age
19:37 Scale Mail Armor
19:42 Gold Mining
21:33 Wheelbarrow
21:59 Squires
22:23 Bow Saw
22:46 Pikeman
25:15 Chain Mail Armor
28:59 Arson
29:18 Stone Mining
29:52 Forging
30:32 Gambesons
31:31 Town Watch
32:25 Stone Shaft Mining
33:30 Hand Cart
34:44 Town Patrol
35:21 Fletching
36:09 Iron Casting
39:51 Imperial Age
ELTRAVERO
3:48 Loom
9:38 Feudal Age
10:23 Double-Bit Axe
16:42 Fletching
23:05 Castle Age
22:06 Scale Mail Armor
22:16 Forging
22:26 Fishing Lines
22:58 Gold Mining
23:48 Wheelbarrow
23:07 Crossbowman
24:14 Thumb Ring
25:10 Gillnets
29:03 Bodkin Arrow
31:11 Padded Archer Armor
32:20 Hand Cart
31:50 Town Watch
36:49 Imperial Age
36:20 Town Patrol
36:41 Ballistics
36:02 Treadmill Crane
36:48 Bow Saw
37:23 Stone Mining
39:10 Chemistry
Connection lost

Rejoining the realm…

Still unreachable

The connection could not be restored.

Session expired

The server has moved on; the page needs a fresh start.